 Dungeon Crawl Stone Soup version 0.21-a0-442-g848f44b3bc (webtiles) character file.

303 Cecky the Insei (level 6, -1/44 HPs)
             Began as a Demonspawn Transmuter on Nov 16, 2017.
             Was an Initiate of Cheibriados.
             Slain by an iguana (7 damage)
             ... on level 5 of the Dungeon.
             The game lasted 00:16:14 (4357 turns).

Cecky the Insei (Demonspawn Transmuter)             Turns: 4357, Time: 00:16:15

Health: -1/44      AC:  2    Str: 11    XL:     6   Next: 15%
Magic:  8/9        EV: 14    Int: 18    God:    Cheibriados [......]
Gold:   176        SH:  0    Dex: 14    Spells: 5/9 levels left

rFire    . . .     SeeInvis .     - Unarmed
rCold    . . .     Gourm    .   (no shield)
rNeg     . . .     Faith    .   b - +0 robe
rPois    .         Spirit   .   (no helmet)
rElec    .         Reflect  .   (no cloak)
rCorr    .         Harm     .   (no gloves)
MR       .....                  (boots currently unavailable)
Stlth    +.........             (no amulet)
HPRegen  0.14/turn              (no ring)
MPRegen  0.11/turn              (no ring)

@: appendage, very slow
A: talons 3, repulsion field 1, spiny 2
a: End Transformation, Bend Time, Renounce Religion


You were on level 5 of the Dungeon.
You worshipped Cheibriados.
Cheibriados was noncommittal.
You were not hungry.
You had grown temporary talons.
You visited 2 branches of the dungeon, and saw 6 of its levels.

You collected 176 gold pieces.

Inventory:

Missiles
 a - 39 arrows
 e - 29 poisoned needles
 f - an exploding tomahawk (quivered)
Armour
 b - a +0 robe (worn)
 s - a +1 helmet
Scrolls
 g - 3 scrolls of teleportation {unknown}
 h - 4 scrolls of identify {unknown}
 j - 3 scrolls of remove curse {unknown}
 o - 2 scrolls of amnesia {unknown}
 v - a scroll of random uselessness {unknown}
Potions
 i - a potion of might {unknown}
 k - a potion of agility
 l - a potion of lignification {unknown}
 n - a potion of curing {unknown}
 p - 2 potions of haste {unknown}
 r - a potion of brilliance {unknown}
 t - a potion of cancellation {unknown}
 u - a potion of heal wounds {unknown}
Books
 c - a book of Changes

   Spells                             Type                      Level
   a - Beastly Appendage              Transmutation                1
   b - Sticks to Snakes               Transmutation                2
   c - Spider Form                    Transmutation/Poison         3
   d - Ice Form                       Ice/Transmutation            4
   e - Blade Hands                    Transmutation                5
Comestibles
 d - 3 bread rations
 m - 2 meat rations
 q - a royal jelly
 w - 3 chunks of flesh


   Skills:
 + Level 1.6 Fighting
 - Level 1.7 Dodging
 + Level 5.6 Unarmed Combat
 - Level 2.0 Spellcasting
 * Level 3.0 Transmutations


You had 5 spell levels left.
You knew the following spells:

 Your Spells              Type           Power        Failure   Level  Hunger
a - Beastly Appendage     Tmut           ##....       5%          1    #......
b - Spider Form           Tmut/Pois      #.........   28%         3    ###....


Dungeon Overview and Level Annotations

Branches:
Dungeon (5/15)             Temple (1/1) D:4

Altars:
Ashenzari
Cheibriados
Dithmenos
Elyvilon
Fedhas
Gozag
Nemelex Xobeh
Okawaru
Qazlal
Ru
Sif Muna
Trog
Vehumet
Wu Jian
Xom
Yredelemnul
The Shining One


Innate Abilities, Weirdness & Mutations

You are surrounded by a mild repulsion field. (EV +2)
You are mostly covered in sharp spines.
You have claws for feet.


Message History

You start resting.
An iguana comes into view.
Things that are here:
a dagger of flaming; a robe The iguana hisses angrily.
There is a stone staircase leading up here.
Casting: Beastly Appendage
Confirm with . or Enter, or press ? or * to list all spells.
Your feet morph into talons.
The iguana closely misses you.
You hit the iguana but do no damage. You hit the iguana but do no damage.
Your kick misses the iguana. The iguana bites you!
* * * LOW HITPOINT WARNING * * *
You hit the iguana but do no damage. You claw the iguana, but do no damage.
The iguana is struck by your spines. The iguana bites you!
* * * LOW HITPOINT WARNING * * *
You closely miss the iguana. Your kick misses the iguana.
The iguana is moderately wounded.
The iguana bites you!
You die...

## .[.# #
#######[#..# ##.####
##...........
.......##............
.......#.............
.......#.............
.......)....l........
....[..#))..@........
.......#.............
..)....##............
####### ##...........
#########... ##


You could see an iguana.

Vanquished Creatures
  An orc priest (D:3)
  A bullfrog skeleton (D:3)
  3 orc wizards (D:5)
  Robin (D:4)
  5 adders
  An ooze (D:4)
  3 worms
  3 dart slugs
  4 leopard geckos
  8 orcs
  2 ball pythons
  5 bats
  4 giant cockroaches
  14 goblins
  9 hobgoblins
  9 kobolds
  2 quokkas (D:2)
  4 frilled lizards
  6 rats
85 creatures vanquished.

Notes
Turn   | Place    | Note
-------+----------+-------------------------------------------
     0 | D:1      | Cecky the Demonspawn Transmuter began the quest for the Orb.
     0 | D:1      | Reached XP level 1. HP: 15/15 MP: 3/3
   116 | D:1      | Reached skill level 3 in Unarmed Combat
   324 | D:1      | Gained mutation: You are partially covered in sharp spines. [demonic ancestry]
   324 | D:1      | Reached XP level 2. HP: 21/21 MP: 5/5
   895 | D:2      | Reached XP level 3. HP: 26/26 MP: 6/6
  1107 | D:2      | Found a faded altar of an unknown god.
  1237 | D:2      | Reached skill level 4 in Unarmed Combat
  1522 | D:2      | Reached XP level 4. HP: 26/32 MP: 5/7
  2424 | D:3      | Found a sparkling altar of Nemelex Xobeh.
  2604 | D:3      | Found a stormy altar of Qazlal.
  3207 | D:3      | Gained mutation: You are surrounded by a mild repulsion field. (EV +2) [demonic ancestry]
  3207 | D:3      | Reached XP level 5. HP: 23/37 MP: 8/8
  3378 | D:4      | Noticed Robin
  3387 | D:3      | Reached skill level 5 in Unarmed Combat
  3427 | D:4      | Killed Robin
  3871 | D:4      | Found a staircase to the Ecumenical Temple.
  3880 | Temple   | Entered the Ecumenical Temple
  4048 | Temple   | Became a worshipper of Cheibriados the Contemplative
  4243 | D:5      | Entered Level 5 of the Dungeon
  4275 | D:5      | Gained mutation: You are mostly covered in sharp spines. [demonic ancestry]
  4275 | D:5      | Reached XP level 6. HP: 20/43 MP: 9/9
  4325 | D:5      | Learned a level 3 spell: Spider Form
  4357 | D:5      | Slain by an iguana

Vault maps used:
D:1:      lordsloth_arrival_two_stooges
D:2:      chequers_ecumenical_altar_simple_redux
D:3:      grunt_qazlal_clouds, nemelex_diamond_rough_becter
D:4:      minmay_temple_entry_poolview, uniq_robin
D:5:      kennysheep_mini_moat, amethyst_overflow_temple_binary, first_bread,
          grunt_ministairs_11
Temple:   eino_temple_scatter_basement

Skill      XL: |  1  2  3  4  5  6 |
---------------+-------------------+-----
Unarmed Combat | 3 4 5 |  5.6
Transmutations | 2 3 |  3.0
Fighting       | |  1.6
Dodging        | |  1.7
Spellcasting   | |  2.0

Action                   |  1- 3 |  4- 6 || total
-------------------------+-------+-------++-------
Melee: Unarmed           |   111 |   116 ||   227
       Headbutt          |     5 |     6 ||    11
       Kick              |     2 |     7 ||     9
       Punch             |     1 |     1 ||     2
 Cast: Beastly Appendage |     5 |    14 ||    19
  Use: Potion            |       |     1 ||     1
 Stab: Sleeping          |     3 |     1 ||     4
       Distracted        |       |     1 ||     1
  Eat: Chunk             |     2 |     9 ||    11
Armor: Robe              |    11 |     5 ||    16
Dodge: Dodged            |    55 |    51 ||   106

Table legend:
 A = Spawn XP
 B = Non-spawn XP
 C = Spawn XP percentage of total XP
 D = Spawn monster count
 E = Non-spawn monster count
 F = Spawn count percentage of total count
 G = Total turns spent on level
                    A         B        C        D         E        F      G
               +---------+---------+-------+---------+---------+-------+---------
         Total |       0 |     433 |   0.0 |       0 |      85 |   0.0 |  4357
               +---------+---------+-------+---------+---------+-------+---------
           D:1 |       0 |      40 |   0.0 |       0 |      24 |   0.0 |   878
           D:2 |       0 |      59 |   0.0 |       0 |      18 |   0.0 |   991
           D:3 |       0 |     138 |   0.0 |       0 |      24 |   0.0 |  1517
           D:4 |       0 |      70 |   0.0 |       0 |      15 |   0.0 |   678
           D:5 |       0 |     126 |   0.0 |       0 |       4 |   0.0 |   114
               +---------+---------+-------+---------+---------+-------+---------
